 Dungeon Crawl Stone Soup version 0.19-a0-739-gf2af308 (webtiles) character file.

154 Ordine the Sneak (level 5, -4/36 HPs)
             Began as an Octopode Monk on June 23, 2016.
             Slain by Crazy Yiuf
             ... wielding a +4 quarterstaff of chaos
              (11 damage)
             ... on level 3 of the Dungeon.
             The game lasted 00:07:12 (2985 turns).

Ordine the Sneak (Octopode Monk)                    Turns: 2985, Time: 00:07:14

Health: -4/36      AC:  1    Str: 10    XL:     5   Next: 36%
Magic:  5/5        EV: 13    Int: 14    God:
Gold:   34         SH:  0    Dex: 14    Spells: 0 memorised, 4 levels left

rFire  . . .     SeeInvis .       - Unarmed
rCold  . . .     Gourm    .     (no shield)
rNeg   . . .     Faith    .     (helmet restricted)
rPois  .         Spirit   .     (no amulet)
rElec  .         Dismiss  .     h - ring of wizardry
rCorr  .         Reflect  .     (no ring)
SustAt .         Harm     .     (no ring)
MR     .....                    (no ring)
Stlth  +++++.....               (no ring)
                                (no ring)
                                (no ring)
                                (no ring)

@: lethally poisoned (-4 -> -9), not resistant to hostile enchantments, quite
stealthy
A: almost no armour, amphibious, 8 rings, constrict 8, camouflage 1, gelatinous
body 1
a: no special abilities


You were on level 3 of the Dungeon.
You were not hungry.

You visited 1 branch of the dungeon, and saw 3 of its levels.

You collected 34 gold pieces.

Inventory:

Jewellery
 h - a ring of wizardry (left tentacle)
Wands
 i - a wand of confusion (41/48)
Scrolls
 e - a scroll of remove curse
 f - a scroll of blinking
 g - a scroll of noise
 j - a scroll of immolation
Potions
 d - a potion of heal wounds
Comestibles
 a - 2 bread rations
 b - 3 chunks of flesh
 c - 2 meat rations


   Skills:
 - Level 3.0 Fighting
 - Level 3.0 Dodging
 * Level 6.5 Stealth
 + Level 4.0 Unarmed Combat


You had 4 spell levels left.
You didn't know any spells.

Dungeon Overview and Level Annotations

Branches:
Dungeon (3/15)

Altars:

Annotations:
D:3 exclusion: iguana, Crazy Yiuf


Innate Abilities, Weirdness & Mutations

You cannot wear most types of armour.
You are amphibious.
You can wear up to eight rings at the same time.
You can use your tentacles to constrict eight enemies at once.
Your skin changes colour to match your surroundings (Stealth+).
Your rubbery body absorbs attacks. (AC +1)


Message History

h - a ring of wizardry (left tentacle) It was a potion of heal wounds.
You feel much better.
The helpless Crazy Yiuf fails to defend himself.
You tentacle-slap Crazy Yiuf. Your grab misses Crazy Yiuf.
Your tentacle-slap misses Crazy Yiuf.
You squeeze Crazy Yiuf!
Crazy Yiuf is heavily wounded.
Crazy Yiuf yells, "Ten!
Lay tired snail."
Crazy Yiuf zaps a wand.
The puff of flame hits you!
It is a wand of flame.
You closely miss Crazy Yiuf. You grab Crazy Yiuf.
Crazy Yiuf is heavily wounded.
You constrict Crazy Yiuf, but do no damage.
Crazy Yiuf hits you with a quarterstaff of chaos.
You are poisoned.
You tentacle-slap Crazy Yiuf.
Crazy Yiuf is heavily wounded.
You constrict Crazy Yiuf.
You feel sick.
Crazy Yiuf hits you with a quarterstaff of chaos!
* * * LOW HITPOINT WARNING * * *
You are electrocuted!
You die...

...#..#...#..........# #.....#
....#..#.............###.....#
.........#.............#.....#
....# #..............#.......#
....####..############.......#
.......... ###.##<## ....## ##
##### #...##.# .....## #)g.#
#.#.#..# ......## #.@.#
#......##.. ......[# #...#
#.......... .......# ##.##
#.####.##.. .......# #.## #..#
..# #....... ##.# #..## .....
.......# #.## #.[.# #....
.......# ##.# #...####....
.......# ##.## #...).....##
.......# ##...# ###<.####.#.


You could see Crazy Yiuf.

Vanquished Creatures
  An orc priest (D:3)
  An orc wizard (D:3)
  Robin (D:1)
  4 adders (D:2)
  A dart slug (D:2)
  2 orcs
  2 giant cockroaches
  9 goblins
  9 hobgoblins
  3 quokkas
  A ball python (D:2)
  5 bats (D:2)
  4 giant newts
  3 kobolds
  A rat (D:3)
47 creatures vanquished.

Notes
Turn   | Place    | Note
--------------------------------------------------------------
     0 | D:1      | Ordine the Octopode Monk began the quest for the Orb.
     0 | D:1      | Reached XP level 1. HP: 16/16 MP: 1/1
   430 | D:1      | Reached skill level 3 in Stealth
   636 | D:1      | Reached XP level 2. HP: 21/21 MP: 2/2
  1163 | D:2      | Reached skill level 4 in Stealth
  1293 | D:2      | Reached XP level 3. HP: 17/26 MP: 3/3
  1824 | D:2      | Noticed Robin
  1854 | D:2      | Reached skill level 5 in Stealth
  2032 | D:1      | Killed Robin
  2032 | D:1      | Reached XP level 4. HP: 21/31 MP: 4/4
  2505 | D:3      | Reached skill level 6 in Stealth
  2505 | D:3      | Reached XP level 5. HP: 21/36 MP: 5/5
  2973 | D:3      | Noticed Crazy Yiuf
  2985 | D:3      | Slain by Crazy Yiuf

Vault maps used:
D:1:      lemuel_arrival_behind_the_door_large
D:2:      first_bread, hangedman_glass_teeth, uniq_robin
D:3:      uniq_crazy_yiuf_cottage

Skill      XL: |  1  2  3  4  5 |
---------------+----------------+-----
Stealth        | 3 4 5 6 |  6.5
Unarmed Combat | 4 |  4.0
Fighting       | |  3.0
Dodging        | |  3.0

Action                   |  1- 3 |  4- 6 || total
-------------------------+-------+-------++-------
Melee: Unarmed           |    69 |    45 ||   114
       Constrict         |    19 |    10 ||    29
       Tentacles         |    10 |     7 ||    17
       Punch             |     2 |     1 ||     3
  Use: Scroll            |     5 |     1 ||     6
       Potion            |     2 |     1 ||     3
 Stab: Sleeping          |     5 |     4 ||     9
  Eat: Chunk             |     3 |     3 ||     6
Armor: Skin              |     9 |     1 ||    10
Dodge: Dodged            |    39 |    24 ||    63
